Workbook

Sheet PTTO
C3: PRESUPUESTO MANTENIMIENTO, REPARACIÓN E IMPERMEABILIZACIÓN DE CUBIERTA DEL JUZGADO MUNICIPAL PROMISCUO DE GALAPA DIRECCIÓN SECCIONAL DE ADMINISTRACIÓN JUDICIAL BARRANQUILLA - ATLÁNTICO
C5: ITEM | D5: DESCRIPCIÓN | E5: UNIDAD | F5: CANTIDAD | G5: VLR. UNITARIO | H5: VLR. TOTAL
C6: 1 | D6: TELECOM
C7: 1.1 | D7: Desmonte de manto existente.
C8: 1.1.1 | D8: Desmonte y retiro de manto existente (incluye retiro de escombros) | E8: m2 | F8: 402 | G8: =+APU!$H$46 -> 7480 | H8: =+F8*G8 -> 3006960
C9: 1.1.2 | D9: Demolición de plantilla (incluye retiro de escombros) | E9: m2 | F9: =+ROUND(F8*60%,0) -> 241 | G9: =+APU!$H$92 -> 13568 | H9: =+F9*G9 -> 3269888
C10: 1.2 | D10: Impermeabilización.
C11: 1.2.1 | D11: Plantilla de direccionamiento en mortero 1:3 e=4cm. | E11: m2 | F11: =+F9 -> 241 | G11: =+APU!$H$138 -> 28297 | H11: =+F11*G11 -> 6819577
C12: 1.2.2 | D12: Imprimación con emulsión asfáltica (base acuosa). | E12: m2 | F12: =+F8 -> 402 | G12: =+APU!$H$184 -> 5952 | H12: =+F12*G12 -> 2392704
C13: 1.2.3 | D13: Impermeabilización con manto foil aluminio de 3mm. | E13: m2 | F13: =+F8 -> 402 | G13: =+APU!$H$230 -> 35953 | H13: =+F13*G13 -> 14453106
D14: SUB-TOTAL GALAPA | G14: =+SUM(H8:H13) -> 29942235
C15: SUB-TOTAL (1) | G15: =+G14 -> 29942235
C16: ADMINISTRACIÓN | F16: 0.1 | G16: =+G15*F16 -> 2994223.5
C17: IMPREVISTOS | F17: 0.05 | G17: =+G15*F17 -> 1497111.8
C18: UTILIDAD | F18: 0.05 | G18: =+G15*F18 -> 1497111.8
C19: SUB-TOTAL (2) | G19: =+G15+G16+G17+G18 -> 35930682
C20: CONTRIBUCIÓN ESTAMPILLA (PRO-UNIVERSIDAD NACIONAL Y DEMÁS UNIVERSIDADES ESTATALES DE COLOMBIA) | F20: 0.005 | G20: =+G19*F20 -> 179653.41
C21: CONTRIBUCIÓN CONTRATO DE OBRA | F21: 0.05 | G21: =+G19*F21 -> 1796534.1
C22: IVA/UTILIDAD | F22: 0.19 | G22: =+F22*G18 -> 284451.23
C23: TOTAL COSTO OBRA | G23: =ROUND(G19+G20+G21+G22,0) -> 38191321
H26: =+G23*0.4 -> 15276528
H27: =+G23*0.6 -> 22914793

Sheet APU
B2: DIRECCIÓN EJECUTIVA DE LA ADMINISTRACIÓN JUDICIAL - SECCIONAL BARRANQUILLA. ANÁLISIS DE PRECIOS UNITARIOS.
B4: ÁREA | C4: Mantenimiento y Soporte Tecnológico | F4: FECHA | G4: Mayo de 2020
B5: PROYECTO | C5: MENTENIMIENTO, REPARACIÓN E IMPERMEABILIZACIÓN DE CUBIERTAS DEL JUZGADO PROMISCUO MUNICIPAL DE GALAPA.
B7: ITEM | C7: DESCRIPCIÓN | G7: UND | H7: =+PTTO!E8 -> m2
B8: =++PTTO!C8 -> 1.1.1 | C8: =+PTTO!D8 -> Desmonte y retiro de manto existente (incluye retiro de escombros)
B10: I. EQUIPOS Y HERRAMIENTAS
B11: DESCRIPCIÓN | D11: UND | E11: V. UNITARIO | F11: RENDIM. | G11: V. TOTAL
B12: Herramientas menores (10%MO) | D12: % | G12: =+H43*0.1 -> 306
F17: Subtotal Equipo | H17: =+SUM(G12:G16) -> 306
B18: II. MATERIALES DE OBRA
B19: DESCRIPCIÓN | D19: UND | E19: CANTIDAD | F19: V. UNITARIO | G19: V. TOTAL
B20: Saco | D20: und | E20: 0.3 | F20: 963 | G20: =+E20*F20 -> 288.9
F26: Subtotal Materiales | H26: =+SUM(G20:G25) -> 288.9
B27: III. TRANSPORTE
B28: DESCRIPCIÓN | E28: Viaje | F28: Tarifa | G28: V. TOTAL
B29: Transporte de escombros | E29: 0.0065 | F29: 588500 | G29: =+E29*F29 -> 3825.25
F34: Subtotal Mano de Obra | H34: =+SUM(G29:G33) -> 3825.25
B36: IV. MANO DE OBRA
B37: DESCRIPCIÓN | E37: V. HH (Hora Hombre) | F37: HH | G37: V. TOTAL
B38: Cuadrilla AA (1 Oficial + 1 Ayudante) | E38: =+'[1]Calculo Cuadrillas 2020'!$C$30 -> 22106.242 | F38: =3060/E38 -> 0.13842244 | G38: =+E38*F38 -> 3060
F43: Subtotal Mano de Obra | H43: =+SUM(G38:G42) -> 3060
C45: TOTAL COSTO DIRECTO | H45: =+H43+H26+H17+H34 -> 7480.15
C46: AJUSTE AL PESO | H46: =+ROUND(H45,0) -> 7480
B48: DIRECCIÓN EJECUTIVA DE LA ADMINISTRACIÓN JUDICIAL - SECCIONAL BARRANQUILLA. ANÁLISIS DE PRECIOS UNITARIOS.
B50: ÁREA | C50: Mantenimiento y Soporte Tecnológico | F50: FECHA | G50: Mayo de 2020
B51: PROYECTO | C51: MENTENIMIENTO, REPARACIÓN E IMPERMEABILIZACIÓN DE CUBIERTAS DEL JUZGADO PROMISCUO MUNICIPAL DE GALAPA..
B53: ITEM | C53: DESCRIPCIÓN | G53: UND | H53: =+PTTO!E9 -> m2
B54: =+PTTO!C9 -> 1.1.2 | C54: =+PTTO!D9 -> Demolición de plantilla (incluye retiro de escombros)
B56: I. EQUIPOS Y HERRAMIENTAS
B57: DESCRIPCIÓN | D57: UND | E57: V. UNITARIO | F57: RENDIM. | G57: V. TOTAL
B58: Herramientas menores (10%MO) | D58: % | G58: =+H89*0.1 -> 510
B59: Martillo demoledor (incluye planta eléctrica) | D59: hr | E59: 26750 | F59: 0.1 | G59: =+E59*F59 -> 2675
F63: Subtotal Equipo | H63: =+SUM(G58:G62) -> 3185
B64: II. MATERIALES DE OBRA
B65: DESCRIPCIÓN | D65: UND | E65: CANTIDAD | F65: V. UNITARIO | G65: V. TOTAL
B66: Saco | D66: und | E66: 0.5 | F66: 963 | G66: =+E66*F66 -> 481.5
F72: Subtotal Materiales | H72: =+SUM(G66:G71) -> 481.5
B73: III. TRANSPORTE
B74: DESCRIPCIÓN | E74: Viaje | F74: Tarifa | G74: V. TOTAL
B75: Transporte de escombros | E75: =4801.75/F75 -> 0.0081593033 | F75: 588500 | G75: =+E75*F75 -> 4801.75
F80: Subtotal Mano de Obra | H80: =+SUM(G75:G79) -> 4801.75
B82: IV. MANO DE OBRA
B83: DESCRIPCIÓN | E83: V. HH (Hora Hombre) | F83: HH | G83: V. TOTAL
B84: Cuadrilla AA (1 Oficial + 1 Ayudante) | E84: =+'[1]Calculo Cuadrillas 2020'!$C$30 -> 22106.242 | F84: =5100/E84 -> 0.23070407 | G84: =+E84*F84 -> 5100
F89: Subtotal Mano de Obra | H89: =+SUM(G84:G88) -> 5100
C91: TOTAL COSTO DIRECTO | H91: =+H89+H72+H63+H80 -> 13568.25
C92: AJUSTE AL PESO | H92: =+ROUND(H91,0) -> 13568
B94: DIRECCIÓN EJECUTIVA DE LA ADMINISTRACIÓN JUDICIAL - SECCIONAL BARRANQUILLA. ANÁLISIS DE PRECIOS UNITARIOS.
B96: ÁREA | C96: Mantenimiento y Soporte Tecnológico | F96: FECHA | G96: Mayo de 2020
B97: PROYECTO | C97: MENTENIMIENTO, REPARACIÓN E IMPERMEABILIZACIÓN DE CUBIERTAS DEL JUZGADO PROMISCUO MUNICIPAL DE GALAPA..
B99: ITEM | C99: DESCRIPCIÓN | G99: UND | H99: =+PTTO!E11 -> m2
B100: =+PTTO!C11 -> 1.2.1 | C100: =+PTTO!D11 -> Plantilla de direccionamiento en mortero 1:3 e=4cm.
B102: I. EQUIPOS Y HERRAMIENTAS
B103: DESCRIPCIÓN | D103: UND | E103: V. UNITARIO | F103: RENDIM. | G103: V. TOTAL
B104: Herramientas menores (10%MO) | D104: % | G104: =+H135*0.1 -> 1020
F109: Subtotal Equipo | H109: =+SUM(G104:G108) -> 1020
B110: II. MATERIALES DE OBRA
B111: DESCRIPCIÓN | D111: UND | E111: CANTIDAD | F111: V. UNITARIO | G111: V. TOTAL
B112: Mortero 1:3 (hecho en obra - desperdicio 5%) | D112: m3 | E112: =0.04*1.05 -> 0.042 | F112: 406600 | G112: =+E112*F112 -> 17077.2
F118: Subtotal Materiales | H118: =+SUM(G112:G117) -> 17077.2
B119: III. TRANSPORTE
B120: DESCRIPCIÓN | E120: Viaje | F120: Tarifa | G120: V. TOTAL
F126: Subtotal Mano de Obra | H126: =+SUM(G121:G125) -> 0
B128: IV. MANO DE OBRA
B129: DESCRIPCIÓN | E129: V. HH (Hora Hombre) | F129: HH | G129: V. TOTAL
B130: Cuadrilla AA (1 Oficial + 1 Ayudante) | E130: =+'[1]Calculo Cuadrillas 2020'!$C$30 -> 22106.242 | F130: =10200/E130 -> 0.46140813 | G130: =+E130*F130 -> 10200
F135: Subtotal Mano de Obra | H135: =+SUM(G130:G134) -> 10200
C137: TOTAL COSTO DIRECTO | H137: =+H135+H118+H109+H126 -> 28297.2
C138: AJUSTE AL PESO | H138: =+ROUND(H137,0) -> 28297
B140: DIRECCIÓN EJECUTIVA DE LA ADMINISTRACIÓN JUDICIAL - SECCIONAL BARRANQUILLA. ANÁLISIS DE PRECIOS UNITARIOS.
B142: ÁREA | C142: Mantenimiento y Soporte Tecnológico | F142: FECHA | G142: Mayo de 2020
B143: PROYECTO | C143: MENTENIMIENTO, REPARACIÓN E IMPERMEABILIZACIÓN DE CUBIERTAS DEL JUZGADO PROMISCUO MUNICIPAL DE GALAPA..
B145: ITEM | C145: DESCRIPCIÓN | G145: UND | H145: =+PTTO!E12 -> m2
B146: =+PTTO!C12 -> 1.2.2 | C146: =+PTTO!D12 -> Imprimación con emulsión asfáltica (base acuosa).
B148: I. EQUIPOS Y HERRAMIENTAS
B149: DESCRIPCIÓN | D149: UND | E149: V. UNITARIO | F149: RENDIM. | G149: V. TOTAL
B150: Herramientas menores (10%MO) | D150: % | G150: =+H181*0.1 -> 153
F155: Subtotal Equipo | H155: =+SUM(G150:G154) -> 153
B156: II. MATERIALES DE OBRA
B157: DESCRIPCIÓN | D157: UND | E157: CANTIDAD | F157: V. UNITARIO | G157: V. TOTAL
B158: Emulsión asfáltica (desperdicio 5%) | D158: gb | E158: =0.2*1.05 -> 0.21 | F158: 20330 | G158: =+E158*F158 -> 4269.3
F164: Subtotal Materiales | H164: =+SUM(G158:G163) -> 4269.3
B165: III. TRANSPORTE
B166: DESCRIPCIÓN | E166: Viaje | F166: Tarifa | G166: V. TOTAL
F172: Subtotal Mano de Obra | H172: =+SUM(G167:G171) -> 0
B174: IV. MANO DE OBRA
B175: DESCRIPCIÓN | E175: V. HH (Hora Hombre) | F175: HH | G175: V. TOTAL
B176: Cuadrilla AA (1 Oficial + 1 Ayudante) | E176: =+'[1]Calculo Cuadrillas 2020'!$C$30 -> 22106.242 | F176: =1530/E176 -> 0.06921122 | G176: =+E176*F176 -> 1530
F181: Subtotal Mano de Obra | H181: =+SUM(G176:G180) -> 1530
C183: TOTAL COSTO DIRECTO | H183: =+H181+H164+H155+H172 -> 5952.3
C184: AJUSTE AL PESO | H184: =+ROUND(H183,0) -> 5952
B186: DIRECCIÓN EJECUTIVA DE LA ADMINISTRACIÓN JUDICIAL - SECCIONAL BARRANQUILLA. ANÁLISIS DE PRECIOS UNITARIOS.
B188: ÁREA | C188: Mantenimiento y Soporte Tecnológico | F188: FECHA | G188: Mayo de 2020
B189: PROYECTO | C189: MENTENIMIENTO, REPARACIÓN E IMPERMEABILIZACIÓN DE CUBIERTAS DEL JUZGADO PROMISCUO MUNICIPAL DE GALAPA..
B191: ITEM | C191: DESCRIPCIÓN | G191: UND | H191: =+PTTO!E13 -> m2
B192: =+PTTO!C13 -> 1.2.3 | C192: =+PTTO!D13 -> Impermeabilización con manto foil aluminio de 3mm.
B194: I. EQUIPOS Y HERRAMIENTAS
B195: DESCRIPCIÓN | D195: UND | E195: V. UNITARIO | F195: RENDIM. | G195: V. TOTAL
B196: Herramientas menores (10%MO) | D196: % | G196: =+H227*0.1 -> 1020
B197: Equipo de soplete (incluye suministros de gas) | D197: hr | E197: 2675 | F197: =2824.8/E197 -> 1.056 | G197: =+E197*F197 -> 2824.8
...
